AoeStats
← mryendl2410

Fortress

509074169Analyzed
4v4 RM · 7d ago on Sep 25, 2026· 45m 52s· 8 players
Game mode
Random Map
Map size
Huge
Population
200
Speed
Normal
Resources
Standard
Victory
Conquest
Starting age
Dark Age
Ending age
Imperial Age
RankedLock teamsTeams togetherTeam positionsShared explorationLock speedFull tech treeHidden civsTurbo modeCheats
Victory
Defeat
🇫🇮 Vikings · Finland
1398
+15
🇻🇳 Ethiopians · Vietnam
1393
+15
🇫🇮 Vietnamese · Finland
1389
+15
1372
+16
🇨🇳 Huns · China
1438
-17
🇨🇳 Portuguese · China
1420
-17
1356
-15
🇨🇳 Bulgarians · China
1298
-12
Yasuo, the Unforgiven
1:23 Loom
6:43 Feudal Age
7:25 Double-Bit Axe
7:21 Horse Collar
12:03 Castle Age
13:00 Bow Saw
13:19 Heavy Plow
16:02 Loom
17:18 Wheelbarrow
18:03 Gold Mining
29:10 Imperial Age
27:45 Scale Barding Armor
28:02 Husbandry
28:13 Bloodlines
28:17 Forging
30:03 Chain Barding Armor
29:28 Elite Battle Elephant
29:38 Capped Ram
32:02 Plate Barding Armor
32:56 Iron Casting
33:12 Chatras
36:38 Hand Cart
40:52 Two-Man Saw
41:20 Fletching
42:03 Bodkin Arrow
42:31 Paper Money
43:39 Siege Engineers
43:15 Treadmill Crane
mryendl2410
8:49 Feudal Age
8:38 Loom
9:56 Double-Bit Axe
12:30 Castle Age
10:11 Horse Collar
10:59 Fletching
11:02 Gold Mining
15:09 Wheelbarrow
20:03 Bow Saw
20:30 Gold Shaft Mining
22:59 Imperial Age
20:34 Town Watch
20:52 Crossbowman
21:41 Bodkin Arrow
22:22 Thumb Ring
22:58 Padded Archer Armor
23:21 Ballistics
23:47 Bracer
23:57 Arbalester
24:58 Leather Archer Armor
26:01 Chemistry
26:17 Ring Archer Armor
26:44 Capped Ram
30:45 Two-Man Saw
30:48 Hand Cart
36:15 Town Patrol
38:22 Heavy Plow
38:13 Stone Mining
慢工出烂活 欲速则一坨
7:35 Feudal Age
8:36 Double-Bit Axe
11:34 Castle Age
9:24 Arson
9:33 Loom
9:50 Horse Collar
11:34 Gold Mining
12:33 Bow Saw
15:36 Town Watch
15:55 Scale Mail Armor
20:44 Wheelbarrow
20:48 Gold Shaft Mining
25:05 Forging
28:12 Chain Mail Armor
29:11 Iron Casting
29:43 Heavy Plow
36:06 Imperial Age
33:52 Hand Cart
34:58 Squires
35:34 Caravan
37:44 Town Patrol
38:55 Coinage
38:38 Stone Mining
40:23 Blast Furnace
39:21 Elite Jomsviking
40:22 Conscription
40:42 Plate Mail Armor
41:06 Stone Shaft Mining
40:58 Hamask
43:26 Banking
cro55b0w
7:17 Feudal Age
11:43 Castle Age
9:54 Double-Bit Axe
12:46 Bow Saw
13:22 Horse Collar
13:28 Pikeman
18:54 Squires
21:52 Scale Mail Armor
22:26 Arson
23:01 Gold Mining
23:30 Chain Mail Armor
24:37 Forging
28:02 Iron Casting
32:46 Imperial Age
30:05 Loom
30:50 Town Watch
31:38 Chieftains
34:38 Conscription
33:52 Elite Varangian Guard
36:15 Heavy Plow
38:08 Plate Mail Armor
38:52 Masonry
41:48 Siege Engineers
42:47 Two-Man Saw
42:59 Blast Furnace
人生😈百态
7:25 Feudal Age
11:32 Castle Age
10:35 Double-Bit Axe
10:37 Horse Collar
12:25 Bow Saw
15:44 Wheelbarrow
20:53 Forging
22:22 Hand Cart
22:29 Gold Mining
22:29 Stone Mining
22:43 Heavy Plow
23:52 Gold Shaft Mining
24:47 Iron Casting
24:18 Scale Barding Armor
24:42 Town Watch
25:36 Chain Barding Armor
26:45 Fletching
26:56 Padded Archer Armor
28:27 Bodkin Arrow
30:46 Leather Archer Armor
32:24 Husbandry
32:34 Bloodlines
35:46 Imperial Age
33:02 Loom
33:51 Ballistics
35:07 Scale Mail Armor
35:23 Thumb Ring
35:03 Pikeman
35:43 Squires
35:29 Arson
36:57 Chain Mail Armor
36:29 Halberdier
买麻衣也用劵
7:47 Feudal Age
11:13 Castle Age
9:27 Double-Bit Axe
9:47 Horse Collar
11:58 Wheelbarrow
12:25 Heavy Plow
14:11 Bow Saw
14:58 Heavy Plow
18:56 Scale Barding Armor
18:52 Scale Mail Armor
23:06 Wheelbarrow
22:44 Gold Mining
24:59 Gold Shaft Mining
24:48 Hand Cart
28:08 Imperial Age
25:42 Gambesons
25:43 Arson
26:00 Squires
27:07 Chain Mail Armor
27:28 Forging
28:48 Iron Casting
28:16 Capped Ram
29:52 Plate Mail Armor
30:22 Blast Furnace
29:28 Siege Ram
30:52 Onager
33:49 Siege Onager
38:01 Chemistry
39:08 Bagains
39:28 Conscription
39:46 Siege Engineers
水母系呆萌美少女可可
5:31 Loom
7:25 Feudal Age
8:37 Double-Bit Axe
9:17 Double-Bit Axe
11:40 Castle Age
10:19 Horse Collar
13:30 Wheelbarrow
13:09 Bow Saw
17:40 Wheelbarrow
17:35 Heavy Plow
17:27 Gold Mining
20:29 Pikeman
21:09 Squires
22:56 Loom
40:25 Imperial Age
39:56 Hand Cart
EZcxy
8:00 Feudal Age
8:43 Double-Bit Axe
11:34 Castle Age
10:14 Horse Collar
12:46 Bow Saw
12:50 Heavy Plow
20:00 Wheelbarrow
19:10 Loom
21:36 Town Watch
27:01 Hand Cart
28:05 Fletching
32:40 Fortified Wall
32:11 Treadmill Crane
Connection lost

Rejoining the realm…

Still unreachable

The connection could not be restored.

Session expired

The server has moved on; the page needs a fresh start.